TOP OF THE 1ST |
Las Vegas Flamingos batting - Pitching for San Mateo Dirty Reds : LHP Faisal bin Nabeel
|
Pitching: LHP Faisal bin Nabeel
|
|
Batting: RHB Sake van Arem
|
0-0: Fly out, F1 (Line Drive, P, EV 66.9 MPH)
|
Batting: RHB Eric Deweese
|
0-0: Swinging Strike 0-1: Foul Ball, location: 2F 0-2: Strikes out looking
|
Batting: RHB Esteban León
|
0-0: Ball 1-0: Foul Ball, location: 2F 1-1: SINGLE (Groundball, 56D, EV 108.8 MPH)
|
Batting: LHB Joo-Chan Park
|
0-0: Swinging Strike 0-1: Foul Ball, location: 2F 0-2: Ball 1-2: Strikes out swinging
|
Top of the 1st over - 0 runs, 1 hit, 0 errors, 1 left on base; Las Vegas 0 - San Mateo 0 |
BOTTOM OF THE 1ST |
San Mateo Dirty Reds batting - Pitching for Las Vegas Flamingos : RHP Kagetoki Matsubara
|
Pitching: RHP Kagetoki Matsubara
|
|
Batting: LHB Richard Edwards
|
0-0: Ball 1-0: Fly out, F9 (Line Drive, 9, EV 105.6 MPH)
|
Batting: RHB Zahid Kashani
|
0-0: Called Strike 0-1: Called Strike 0-2: Foul Ball, location: 2F 0-2: Strikes out swinging
|
Batting: LHB Tom Burton
|
0-0: Called Strike 0-1: Foul Ball, location: 2F 0-2: Ball 1-2: Ball 2-2: Strikes out swinging
|
Bottom of the 1st over - 0 runs, 0 hits, 0 errors, 0 left on base; Las Vegas 0 - San Mateo 0 |
TOP OF THE 2ND |
Las Vegas Flamingos batting - Pitching for San Mateo Dirty Reds : LHP Faisal bin Nabeel
|
Batting: LHB Adrián Gómez
|
0-0: Foul Ball, location: 2F 0-1: Ball 1-1: Fly out, F9 (Line Drive, 9, EV 107.5 MPH)
|
Batting: LHB Lewis N. Clark
|
0-0: Called Strike 0-1: Swinging Strike 0-2: Strikes out swinging
|
Batting: LHB Owen Sharts
|
0-0: Called Strike 0-1: Foul Ball, location: 2F 0-2: Foul Ball, location: 2F 0-2: Strikes out swinging
|
Top of the 2nd over - 0 runs, 0 hits, 0 errors, 0 left on base; Las Vegas 0 - San Mateo 0 |
BOTTOM OF THE 2ND |
San Mateo Dirty Reds batting - Pitching for Las Vegas Flamingos : RHP Kagetoki Matsubara
|
Batting: LHB Palaie Gaoteote
|
0-0: Fly out, F8 (Flyball, 8LXD, EV 81.9 MPH)
|
Batting: RHB Kawenaula Alohalani
|
0-0: Called Strike 0-1: Foul Ball, location: 2F 0-2: Ball 1-2: Fly out, F6 (Flyball, 6D, EV 85.6 MPH)
|
Batting: RHB Paul Tate
|
0-0: Ball 1-0: Ground out 6-3 (Groundball, 6, EV 104.4 MPH)
|
Bottom of the 2nd over - 0 runs, 0 hits, 0 errors, 0 left on base; Las Vegas 0 - San Mateo 0 |
TOP OF THE 3RD |
Las Vegas Flamingos batting - Pitching for San Mateo Dirty Reds : LHP Faisal bin Nabeel
|
Batting: RHB Samual Kingman
|
0-0: Called Strike 0-1: Ball 1-1: Fly out, F8 (Flyball, 8LM, EV 93.8 MPH)
|
Batting: LHB Cisco Hernández
|
0-0: SINGLE (Line Drive, 4MD, EV 98.8 MPH)
|
Batting: RHB Sake van Arem
|
0-0: Ball 1-0: SINGLE (Groundball, 4MD, EV 101.9 MPH) Cisco Hernández to second
|
Batting: RHB Eric Deweese
|
0-0: Swinging Strike 0-1: Ball 1-1: Fielders Choice at 2nd, 1-4 (Groundball, 15, EV 85.0 MPH) Cisco Hernández to third
|
Batting: RHB Esteban León
|
0-0: Called Strike 0-1: Called Strike 0-2: Foul Ball, location: 2F 0-2: Ball 1-2: Ball 2-2: SINGLE (Groundball, 34D, EV 93.8 MPH) Cisco Hernández scores Eric Deweese to second Runner from 2nd tries for 3rd, SAFE, no throw by RF
|
Batting: LHB Joo-Chan Park
|
0-0: Called Strike 0-1: Ball 1-1: Foul Ball, location: 2F 1-2: Ball 2-2: Ball 3-2: Strikes out looking
|
Top of the 3rd over - 1 run, 3 hits, 0 errors, 2 left on base; Las Vegas 1 - San Mateo 0 |
BOTTOM OF THE 3RD |
San Mateo Dirty Reds batting - Pitching for Las Vegas Flamingos : RHP Kagetoki Matsubara
|
Batting: RHB Jesús Gómez
|
0-0: Fly out, F8 (Flyball, 8RM, EV 95.0 MPH)
|
Batting: RHB James Hemwick
|
0-0: Ball 1-0: Ball 2-0: Ball 3-0: Called Strike 3-1: Base on Balls
|
Batting: RHB Ambrose Watkins
|
0-0: Ball Wild Pitch! James Hemwick to second 1-0: Called Strike 1-1: Ground out U3 (Groundball, 3, EV 82.5 MPH) James Hemwick to third
|
Batting: LHB Richard Edwards
|
0-0: Fly out, F6 (Popup, 6M, EV 70.6 MPH)
|
Bottom of the 3rd over - 0 runs, 0 hits, 0 errors, 1 left on base; Las Vegas 1 - San Mateo 0 |
TOP OF THE 4TH |
Las Vegas Flamingos batting - Pitching for San Mateo Dirty Reds : LHP Faisal bin Nabeel
|
Batting: LHB Adrián Gómez
|
0-0: Foul Ball, location: 2F 0-1: Ball 1-1: Ball 2-1: Ball 3-1: Swinging Strike 3-2: SINGLE (Groundball, 34D, EV 110.0 MPH)
|
Batting: LHB Lewis N. Clark
|
0-0: Ball 1-0: Called Strike 1-1: Foul Ball, location: 2F 1-2: Foul Ball, location: 2F 1-2: Hit by Pitch Adrián Gómez to second
|
Batting: LHB Owen Sharts
|
0-0: Grounds into double play, 4-6-3 (Groundball, 4D, EV 106.2 MPH) Adrián Gómez to third
|
Batting: RHB Samual Kingman
|
0-0: Ball 1-0: Ball 2-0: Called Strike 2-1: Foul Ball, location: 2F 2-2: Ground out 5-3 (Groundball, 56, EV 88.8 MPH)
|
Top of the 4th over - 0 runs, 1 hit, 0 errors, 1 left on base; Las Vegas 1 - San Mateo 0 |
BOTTOM OF THE 4TH |
San Mateo Dirty Reds batting - Pitching for Las Vegas Flamingos : RHP Kagetoki Matsubara
|
Batting: RHB Zahid Kashani
|
0-0: Ball 1-0: Ball 2-0: Called Strike 2-1: Ball 3-1: Base on Balls
|
Batting: LHB Tom Burton
|
0-0: Ball 1-0: Ball 2-0: Called Strike 2-1: 2-RUN HOME RUN (Flyball, 7LD, EV 96.2 MPH), Distance : 333 ft
|
Batting: LHB Palaie Gaoteote
|
0-0: Called Strike 0-1: Foul Ball, location: 2F 0-2: Foul Ball, location: 2F 0-2: Ball 1-2: Ball 2-2: Ball 3-2: Base on Balls
|
Batting: RHB Kawenaula Alohalani
|
0-0: Ball 1-0: Ball 2-0: Called Strike 2-1: 2-RUN HOME RUN (Flyball, 7LD, EV 101.2 MPH), Distance : 339 ft
|
Batting: RHB Paul Tate
|
0-0: Called Strike 0-1: Ball 1-1: Ball 2-1: Foul Ball, location: 2F 2-2: Ball 3-2: SINGLE (Groundball, 4MD, EV 94.4 MPH)
|
Batting: RHB Jesús Gómez
|
0-0: Called Strike 0-1: Ball 1-1: Ball 2-1: Foul Ball, location: 2F 2-2: Foul Ball, location: 2F 2-2: Ball 3-2: Strikes out swinging
|
Batting: RHB James Hemwick
|
0-0: Ball 1-0: Called Strike 1-1: Ball 2-1: Foul Ball, location: 2F 2-2: Ground out 4-3 (Groundball, 4S, EV 70.0 MPH) Paul Tate to second
|
Batting: RHB Ambrose Watkins
|
0-0: Ball 1-0: Ball 2-0: Ground out 6-3 (Groundball, 56, EV 86.9 MPH)
|
Bottom of the 4th over - 4 runs, 3 hits, 0 errors, 1 left on base; Las Vegas 1 - San Mateo 4 |
TOP OF THE 5TH |
Las Vegas Flamingos batting - Pitching for San Mateo Dirty Reds : LHP Faisal bin Nabeel
|
Batting: LHB Cisco Hernández
|
0-0: Called Strike 0-1: Ball 1-1: Swinging Strike 1-2: Foul Ball, location: 2F 1-2: Ball 2-2: Foul Ball, location: 2F 2-2: Foul Ball, location: 2F 2-2: SINGLE (Groundball, 34D, EV 105.0 MPH)
|
Batting: RHB Sake van Arem
|
0-0: Fly out, F7 (Flyball, 7D, EV 79.4 MPH)
|
Batting: RHB Eric Deweese
|
0-0: Swinging Strike 0-1: Ball 1-1: Called Strike 1-2: Foul Ball, location: 2F 1-2: Ball 2-2: Foul Ball, location: 2F 2-2: Foul Ball, location: 2F 2-2: Grounds into double play, 6-4-3 (Groundball, 6, EV 90.0 MPH)
|
Top of the 5th over - 0 runs, 1 hit, 0 errors, 0 left on base; Las Vegas 1 - San Mateo 4 |
BOTTOM OF THE 5TH |
San Mateo Dirty Reds batting - Pitching for Las Vegas Flamingos : RHP Kagetoki Matsubara
|
Batting: LHB Richard Edwards
|
0-0: Ball 1-0: Called Strike 1-1: Ball 2-1: Foul Ball, location: 2F 2-2: Ball 3-2: Base on Balls
|
Batting: RHB Zahid Kashani
|
0-0: Called Strike 0-1: Ball 1-1: Ball 2-1: Fielders Choice at 2nd, 6-4 (Groundball, 56, EV 83.8 MPH)
|
Batting: LHB Tom Burton
|
0-0: Ball 1-0: Called Strike 1-1: Called Strike 1-2: Ball 2-2: Ball 3-2: Base on Balls Zahid Kashani to second
|
Batting: LHB Palaie Gaoteote
|
0-0: Foul Ball, location: 2F 0-1: Ball Zahid Kashani steals 3rd base 1-1: Hit by Pitch Tom Burton to second
|
Batting: RHB Kawenaula Alohalani
|
0-0: Ball 1-0: Grounds into double play, 6-4-3 (Groundball, 6, EV 100.0 MPH)
|
Bottom of the 5th over - 0 runs, 0 hits, 0 errors, 2 left on base; Las Vegas 1 - San Mateo 4 |
TOP OF THE 6TH |
Las Vegas Flamingos batting - Pitching for San Mateo Dirty Reds : LHP Faisal bin Nabeel
|
Batting: RHB Esteban León
|
0-0: Ground out 4-3 (Groundball, 34, EV 100.0 MPH)
|
Batting: LHB Joo-Chan Park
|
0-0: Foul Ball, location: 2F 0-1: Ground out 4-3 (Groundball, 4, EV 90.6 MPH)
|
Batting: LHB Adrián Gómez
|
0-0: Foul Ball, location: 2F 0-1: Fly out, F9 (Flyball, 9D, EV 100.0 MPH)
|
Top of the 6th over - 0 runs, 0 hits, 0 errors, 0 left on base; Las Vegas 1 - San Mateo 4 |
BOTTOM OF THE 6TH |
San Mateo Dirty Reds batting - Pitching for Las Vegas Flamingos : RHP Kagetoki Matsubara
|
Batting: RHB Paul Tate
|
0-0: Called Strike 0-1: Ball 1-1: Swinging Strike 1-2: Ball 2-2: DOUBLE (Line Drive, 89D, EV 103.8 MPH)
|
Pitching: RHP Yoshii Ikeda
|
|
Batting: RHB Jesús Gómez
|
0-0: Fly out, F9 (Flyball, 89S, EV 84.4 MPH)
|
Batting: RHB James Hemwick
|
0-0: Called Strike Paul Tate steals 3rd base 0-1: Swinging Strike 0-2: Ball 1-2: Ball 2-2: Ball 3-2: Ground out 4-3 (Groundball, 4, EV 86.9 MPH) Paul Tate scores
|
Batting: RHB Ambrose Watkins
|
0-0: Called Strike 0-1: Ground out U3 (Groundball, 3S, EV 66.2 MPH)
|
Bottom of the 6th over - 1 run, 1 hit, 0 errors, 0 left on base; Las Vegas 1 - San Mateo 5 |
TOP OF THE 7TH |
Las Vegas Flamingos batting - Pitching for San Mateo Dirty Reds : LHP Faisal bin Nabeel
|
Batting: LHB Lewis N. Clark
|
0-0: Called Strike 0-1: Ball 1-1: Ground out 4-3 (Groundball, 4, EV 89.4 MPH)
|
Batting: LHB Owen Sharts
|
0-0: Called Strike 0-1: Fly out, F8 (Line Drive, 8RD, EV 106.9 MPH)
|
Batting: RHB Samual Kingman
|
0-0: Called Strike 0-1: Ball 1-1: Ground out 6-3 (Groundball, 56, EV 91.2 MPH)
|
Top of the 7th over - 0 runs, 0 hits, 0 errors, 0 left on base; Las Vegas 1 - San Mateo 5 |
BOTTOM OF THE 7TH |
San Mateo Dirty Reds batting - Pitching for Las Vegas Flamingos : RHP Yoshii Ikeda
|
Batting: LHB Richard Edwards
|
0-0: Ball 1-0: Foul Ball, location: 2F 1-1: Foul Ball, location: 2F 1-2: Ball 2-2: Ball 3-2: Ground out 4-3 (Groundball, 34D, EV 103.8 MPH)
|
Batting: RHB Zahid Kashani
|
0-0: Called Strike 0-1: Foul Ball, location: 2F 0-2: Foul Ball, location: 2F 0-2: Ball 1-2: Ball 2-2: Ball 3-2: Ground out 1-3 (Groundball, P, EV 67.5 MPH)
|
Batting: LHB Tom Burton
|
0-0: Ball 1-0: Fly out, F9 (Line Drive, 9, EV 111.9 MPH)
|
Bottom of the 7th over - 0 runs, 0 hits, 0 errors, 0 left on base; Las Vegas 1 - San Mateo 5 |
TOP OF THE 8TH |
Las Vegas Flamingos batting - Pitching for San Mateo Dirty Reds : LHP Faisal bin Nabeel
|
Batting: LHB Cisco Hernández
|
0-0: Ball 1-0: Ball 2-0: Ground out U3 (Groundball, 34, EV 100.6 MPH)
|
Batting: RHB Sake van Arem
|
0-0: Called Strike 0-1: SINGLE (Line Drive, 4D, EV 96.9 MPH)
|
Batting: RHB Eric Deweese
|
0-0: Ball 1-0: Ball 2-0: Ball 3-0: Called Strike 3-1: Foul Ball, location: 2F 3-2: DOUBLE (Line Drive, 9LM, EV 98.8 MPH) Sake van Arem to third Sake van Arem scores
|
Pitching: RHP Matt Digby
|
|
Batting: RHB Esteban León
|
0-0: Ball 1-0: Foul Ball, location: 2F 1-1: Swinging Strike 1-2: Foul Ball, location: 2F 1-2: Ball 2-2: SINGLE (Flyball, 89M, EV 90.0 MPH) Eric Deweese to third Runner from 3rd tries for Home, SAFE, no throw by CF
|
Batting: LHB Joo-Chan Park
|
0-0: Ball 1-0: Ball 2-0: Called Strike 2-1: Fly out, F9 (Flyball, 9S, EV 87.5 MPH)
|
Batting: LHB Adrián Gómez
|
0-0: Fly out, F7 (Line Drive, 7D, EV 91.9 MPH)
|
Top of the 8th over - 2 runs, 3 hits, 0 errors, 1 left on base; Las Vegas 3 - San Mateo 5 |
BOTTOM OF THE 8TH |
San Mateo Dirty Reds batting - Pitching for Las Vegas Flamingos : RHP Yoshii Ikeda
|
Batting: LHB Palaie Gaoteote
|
0-0: Ball 1-0: Called Strike 1-1: Ball 2-1: Ball 3-1: Called Strike 3-2: Base on Balls
|
Batting: RHB Kawenaula Alohalani
|
0-0: Called Strike 0-1: Swinging Strike 0-2: Strikes out swinging
|
Batting: RHB Paul Tate
|
0-0: Ball 1-0: Foul Ball, location: 2F 1-1: Ball 2-1: Fielders Choice at 2nd, 5-4 (Groundball, 5, EV 87.5 MPH)
|
Batting: RHB Jesús Gómez
|
0-0: Ball 1-0: Ball 2-0: Swinging Strike 2-1: Ball 3-1: Base on Balls Paul Tate to second
|
Batting: RHB James Hemwick
|
0-0: Ball 1-0: Fly out, F8 (Line Drive, 8RM, EV 90.6 MPH)
|
Bottom of the 8th over - 0 runs, 0 hits, 0 errors, 2 left on base; Las Vegas 3 - San Mateo 5 |
TOP OF THE 9TH |
Las Vegas Flamingos batting - Pitching for San Mateo Dirty Reds : RHP Matt Digby
|
Batting: LHB Lewis N. Clark
|
0-0: Ball 1-0: Ball 2-0: Called Strike 2-1: Fly out, F5 (Popup, 6S, EV 73.8 MPH)
|
Batting: LHB Owen Sharts
|
0-0: Fly out, F9 (Flyball, 89M, EV 89.4 MPH)
|
Batting: RHB Samual Kingman
|
0-0: Ball 1-0: Ground out 5-3 (Groundball, 56, EV 87.5 MPH)
|
Top of the 9th over - 0 runs, 0 hits, 0 errors, 0 left on base; Las Vegas 3 - San Mateo 5 |
|